 Dungeon Crawl Stone Soup version 0.30.0-15-g856e2d3f33 (webtiles) character file.

Game seed: 4017804495867483021

5214 ProzacElf the Spear-Bearer (level 10, -5/68 HPs)
             Began as a Demonspawn Artificer on May 19, 2023.
             Was a Believer of Nemelex Xobeh.
             Slain by a meliai
             ... wielding a +0 war axe
              (8 damage)
             ... on level 8 of the Dungeon.
             The game lasted 00:21:51 (6567 turns).

ProzacElf the Spear-Bearer (Demonspawn Artificer)   Turns: 6567, Time: 00:21:51

Health: -5/68      AC: 38    Str: 16    XL:     10   Next: 35%
Magic:  0/16       EV:  6    Int: 18    God:    Nemelex Xobeh [**....]
Gold:   121        SH:  0    Dex: 21    Spells: 8/9 levels left

rFire   + . .        a - +7 staff of the Meek {protect, meekguard}
rCold   + . .        (shield currently unavailable)
rNeg    . . .        v - +8 plate armour of Least Resistance {Regen+ Slay+2}
rPois   .            B - +1 helmet
rElec   .            f - scarf {rC+ rF+}
rCorr   .            p - +1 pair of gloves
SInv    .            (no boots)
Will    .....        j - amulet of guardian spirit Stlth
                     U - +6 ring of intelligence
HPRegen 1.11/turn    P - +6 ring of dexterity
MPRegen 0.15/turn

%: guardian spirit
@: under a protective aura, attractive
A: rugged brown scales 2, demonic guardian 1, ignite blood 1, demonic touch 1
a: Renounce Religion, Draw Escape, Draw Destruction, Draw Summoning


You were on level 8 of the Dungeon.
You worshipped Nemelex Xobeh.
Nemelex Xobeh was pleased with you.
You visited 2 branches of the dungeon, and saw 9 of its levels.

You collected 441 gold pieces.
You spent 320 gold pieces at shops.

Inventory:

Hand Weapons
 a - the +7 staff of the Meek (weapon) {protect, meekguard}
   (You found it on level 4 of the Dungeon)
 b - a +1 dagger of venom
 g - a +1 flail of draining
 o - a +2 whip of flaming
 C - a +0 spear
 F - a +2 vampiric whip
 R - a +1 whip of freezing
 S - a +3 vampiric short sword
Missiles
 k - 15 poisoned darts (quivered)
 O - 3 boomerangs
 Q - a throwing net
 T - a curare-tipped dart
Armour
 f - a scarf of resistance (worn)
 p - a +1 pair of gloves (worn)
 v - the +8 plate armour of Least Resistance (worn) {Regen+ Slay+2}
   (You found it on level 3 of the Dungeon)

   Slay:      It affects your accuracy & damage with ranged weapons and melee
   (+2).
   Regen:     It increases your rate of health regeneration.
 B - a +1 helmet (worn)
 W - the +0 chain mail of Ribe {Rampage rC- Int+3 Dex+2}
   (You found it on level 6 of the Dungeon)

   Int:       It affects your intelligence (+3).
   Dex:       It affects your dexterity (+2).
   rC:        It makes you vulnerable to cold.
   Rampage:   It bestows one free step when moving towards enemies.
Jewellery
 j - an amulet of guardian spirit (around neck)
 r - a ring of protection from cold
 s - an amulet of regeneration
 P - a +6 ring of dexterity (right hand)
 U - a +6 ring of intelligence (left hand)
Wands
 c - a wand of flame (14)
 d - a wand of charming (15)
 e - a wand of iceblast (5)
 A - a wand of roots (2)
 G - a wand of polymorph (7)
 I - a wand of light (15)
Scrolls
 h - 4 scrolls of teleportation
 i - a scroll of enchant weapon
 y - a scroll of torment {unknown}
 z - a scroll of fear {unknown}
 D - 2 scrolls of fog
 E - a scroll of silence {unknown}
 L - a scroll of blinking {unknown}
 N - a scroll of enchant armour {unknown}
Potions
 l - a potion of lignification
 m - a potion of degeneration {unknown}
 q - a potion of haste
 t - a potion of attraction
 u - a potion of cancellation
 w - a potion of magic
 x - 2 potions of might
 J - a potion of ambrosia {unknown}
 K - a potion of mutation
 M - a potion of invisibility {unknown}
 V - 3 potions of heal wounds {unknown}


   Skills:
 - Level 1.0 Fighting
 - Level 10.0 Polearms
 - Level 1.7 Armour
 - Level 5.0 Dodging
 - Level 5.0 Stealth
 + Level 1.4 Hexes
 + Level 8.7 Invocations
 - Level 5.0 Evocations


You had 8 spell levels left.
You knew the following spells:

 Your Spells              Type           Power      Damage    Failure   Level
v - Slow                  Hex            20%        N/A       100%        1

Your spell library contained the following spells:

 Spells                   Type           Power      Damage    Failure   Level
 Sting                    Tmut/Pois      0%         1d3       100%        1
 Ensorcelled Hibernation  Hex/Ice        4%         N/A       100%        2
 Passwall                 Tmut/Erth      0%         N/A       100%        2
 Poisonous Vapours        Pois/Air       0%         N/A       100%        2
 Call Canine Familiar     Summ           0%         N/A       100%        3
 Confusing Touch          Hex            5%         N/A       100%        3
 Portal Projectile        Hex/Tloc       4%         N/A       100%        3
 Swiftness                Air            0%         N/A       100%        3
 Vampiric Draining        Necr           0%         2d6       100%        3
 Leda's Liquefaction      Hex/Erth       1%         N/A       100%        4
 Olgreb's Toxic Radiance  Pois           0%         N/A       100%        4


Dungeon Overview and Level Annotations

Branches:
Dungeon (8/15)             Temple (1/1) D:5            Lair (0/5) D:8

Altars:
Ashenzari
Cheibriados
Dithmenos
Fedhas
Gozag
Hepliaklqana
Kikubaaqudgha
Makhleb
Nemelex Xobeh
Okawaru
Qazlal
Ru
Sif Muna
Trog
Uskayaw
Vehumet
Wu Jian
Xom
Yredelemnul

Shops:
D:7 *[

Annotations:
D:3 3 runed translucent doors, BlasphemerAmon's ghost, amateur GnCK


Innate Abilities, Weirdness & Mutations

You are mostly covered in rugged brown scales. (AC +2, +5% HP)
A weak demonic guardian rushes to your aid.
Your demonic aura sometimes causes spilled blood to erupt in flames.
Your touch may inflict minor irresistible damage on your foes.


Message History

* * * LOW HITPOINT WARNIN'
* * * Tha meliai mumbles some strange prayers ta its god against ye.
Somethin' smites ye!
* * * LOW HITPOINT WARNIN'
* * * Ye take 18 damage, an' haf 7/102 hp.
Ye now haf 2/16 mp.
Ye feel better.
Tha meliai hits ye wit' a +3 hand axe.
* * * LOW HITPOINT WARNIN'
* * * Tha meliai stin's ye but does nay damage.
An orc comes inta view.
It be wieldin' a +0 heavy falchion.
Tha meliai hits ye but does nay damage.
Tha meliai stin's ye but does nay damage.
Tha meliai calls upon its god ta heal tha meliai.
Tha meliai be healed somewhat.
Tha meliai hits ye but does nay damage.
Tha meliai stin's ye but does nay damage.
Tha orc shouts!
Ye regain'd 2 hp, an' now haf 9/102 hp.
Ye now haf 1/16 mp.
It was a potion o' attraction.
Ye feel attractive ta monsters.
Tha meliai barely misses ye.
Tha meliai stin's ye but does nay damage.
Tha meliai hits ye but does nay damage.
Tha meliai stin's ye.
* * * LOW HITPOINT WARNIN'
* * * Tha meliai hits ye but does nay damage.
Tha meliai stin's ye but does nay damage.
An orc comes inta view.
It be wieldin' a +0 club.
Tha orc be attracted toward ye.
Ye take 5 damage, an' haf 4/102 hp.
Ye now haf 0/16 mp.
It was a potion o' cancellation.
Yer magical effects be unravellin'.
Ye feel magic'lly purged.
Ye feel less wood'n.
Yer scarf o' resistance unmelds from yer body.
Yer +1 helmet unmelds from yer body.
Yer +1 pair o' gloves unmelds from yer body.
Tha +8 plate armour o' Least Resistance {Reg'n+ Slay+2} unmelds from yer body.
Ye feel resistant ta 'stremes o' temperature.
Ye feel yerself slow down.
Tha meliai hits ye wit' a +0 war axe!
Ye die...
Yer body glows slightly an' disappears.

.....................#.
.......................
§.......................
........................
..o..####.....####....#.
.....##.........##....>.
.....#.§§.....P..#......
......yy...[.........##.
......y@...>...).....# .
..............P.....##
.....#...........#..# .
.... ##.........##.... .
... ###.....### .... ..
........ ...#. .
......... ..#. .........
. .


You could see 3 meliai and an orc.

Vanquished Creatures
  A two-headed ogre (D:8)
  Pikel (D:5)
  A troll (D:7)
  A wyvern (D:8)
  2 wargs (D:8)
  2 water moccasins
  An ice beast (D:6)
  An orc warrior (D:6)
  2 sky beasts (D:7)
  3 black bears
  An ogre (D:6)
  A centaur (D:5)
  2 phantoms
  A kobold brigand (D:6)
  Blork the orc (D:4)
  2 gnoll sergeants
  5 scorpions
  2 bullfrogs
  7 wights
  7 killer bees
  A howler monkey (D:6)
  6 hounds
  2 jellies (D:5)
  2 orc priests
  Jessica (D:3)
  5 iguanas
  11 orc wizards
  Robin (D:3)
  4 gnolls
  10 adders
  A white imp (D:7)
  2 worms (D:3)
  5 dart slugs
  28 orcs
  3 bats
  9 endoplasms
  2 giant cockroaches
  7 hobgoblins
  5 quokkas
  9 ball pythons
  9 frilled lizards
  15 goblins
  10 kobolds
  6 rats
198 creatures vanquished.

Notes
Turn   | Place    | Note
-------+----------+-------------------------------------------
     0 | D:1      | ProzacElf the Demonspawn Artificer began the quest for the
                  | Orb.
     0 | D:1      | Reached XP level 1. HP: 15/15 MP: 1/1
   124 | D:1      | Reached skill level 1 in Stealth
   334 | D:1      | Gained mutation: You are partially covered in rugged brown
                  | scales. (AC +1, +3% HP) [demonic ancestry]
   334 | D:1      | Reached XP level 2. HP: 12/21 MP: 2/2
   496 | D:1      | Reached skill level 1 in Polearms
   578 | D:1      | Learned a level 1 spell: Slow
   944 | D:1      | Gained mutation: You are mostly covered in rugged brown
                  | scales. (AC +2, +5% HP) [demonic ancestry]
   944 | D:1      | Reached XP level 3. HP: 20/27 MP: 3/3
  1013 | D:1      | Found a faded altar of an unknown god.
  1571 | D:2      | Found a burning altar of Makhleb.
  1621 | D:2      | Gained mutation: A weak demonic guardian rushes to your
                  | aid. [demonic ancestry]
  1621 | D:2      | Reached XP level 4. HP: 33/33 MP: 4/4
  2108 | D:3      | Found a runed translucent gate.
  2110 | D:3      | Found a runed translucent gate.
  2130 | D:3      | Found a runed translucent gate.
  2133 | D:3      | Noticed an ice beast
  2136 | D:3      | Noticed BlasphemerAmon's ghost (amateur GnCK)
  2203 | D:3      | Identified the +8 plate armour of Least Resistance {Regen+
                  | Slay+2}
  2227 | D:3      | Noticed Jessica
  2235 | D:3      | Killed Jessica
  2236 | D:3      | Reached skill level 2 in Polearms
  2350 | D:3      | Found an iron altar of Okawaru.
  2390 | D:3      | Gained mutation: Your demonic aura sometimes causes spilled
                  | blood to erupt in flames. [demonic ancestry]
  2390 | D:3      | Reached XP level 5. HP: 31/38 MP: 2/5
  2467 | D:3      | Reached skill level 3 in Polearms
  2467 | D:3      | Reached XP level 6. HP: 40/45 MP: 3/6
  3039 | D:4      | Noticed Robin
  3039 | D:4      | Found the +7 staff of the Meek {protect, meekguard}
  3101 | D:3      | Killed Robin
  3102 | D:3      | Reached skill level 5 in Evocations
  3269 | D:4      | Reached skill level 4 in Polearms
  3269 | D:4      | Reached XP level 7. HP: 50/50 MP: 7/7
  3296 | D:4      | Found a shimmering altar of Xom.
  3324 | D:4      | Found a basalt altar of Yredelemnul.
  3332 | D:4      | Noticed Blork the orc
  3424 | D:4      | Killed Blork the orc
  3425 | D:4      | Reached skill level 5 in Stealth
  3749 | D:5      | Entered Level 5 of the Dungeon
  3790 | D:5      | Noticed Pikel
  3812 | D:5      | Killed Pikel
  3813 | D:5      | Reached skill level 6 in Polearms
  3813 | D:5      | Reached XP level 8. HP: 56/56 MP: 6/8
  3837 | D:5      | Reached skill level 7 in Polearms
  3892 | D:5      | Found a sacrificial altar of Ru.
  4041 | D:5      | Reached skill level 1 in Dodging
  4171 | D:5      | Found a staircase to the Ecumenical Temple.
  4180 | Temple   | Entered the Ecumenical Temple
  4180 | Temple   | Found a transporter.
  4180 | Temple   | Found a transporter.
  4182 | Temple   | Found a transporter.
  4182 | Temple   | Found a transporter.
  4221 | Temple   | Became a worshipper of Nemelex Xobeh the Trickster
  4305 | D:5      | Reached skill level 8 in Polearms
  4333 | D:5      | Gained mutation: Your touch may inflict minor irresistible
                  | damage on your foes. [demonic ancestry]
  4333 | D:5      | Reached XP level 9. HP: 60/61 MP: 9/9
  4383 | D:5      | Found a blossoming altar of Fedhas.
  4506 | D:6      | Found a burning altar of Makhleb.
  4589 | D:6      | Reached skill level 1 in Invocations
  4876 | D:6      | Found an opulent altar of Gozag.
  5021 | D:6      | Found a bloodstained altar of Trog.
  5025 | D:6      | Found a shimmering blue altar of Sif Muna.
  5185 | D:6      | Reached skill level 9 in Polearms
  5271 | D:6      | Identified the +0 chain mail of Ribe {Rampage rC- Int+3
                  | Dex+2}
  5308 | D:6      | Reached * piety under Nemelex Xobeh
  5496 | D:7      | Noticed a troll
  5512 | D:7      | Killed a troll
  5636 | D:7      | Received a gift from Nemelex Xobeh
  5670 | D:7      | Reached skill level 5 in Dodging
  5781 | D:7      | Reached skill level 5 in Invocations
  5823 | D:7      | Found Xuppaiq's Neck Hole.
  5839 | D:7      | Bought a scarf of resistance for 320 gold pieces
  5975 | D:7      | Found Keresaspa's Dragon-Slaying Spoils.
  6081 | D:7      | Reached XP level 10. HP: 68/68 MP: 14/14
  6260 | D:8      | Reached ** piety under Nemelex Xobeh
  6411 | D:8      | Received a gift from Nemelex Xobeh
  6433 | D:8      | Noticed a two-headed ogre
  6441 | D:8      | Killed a two-headed ogre
  6442 | D:8      | Reached skill level 10 in Polearms
  6515 | D:8      | Reached skill level 1 in Hexes
  6545 | D:8      | Found a staircase to the Lair.
  6566 | D:8      | HP: 4/102 [meliai/+0 hand axe (5)]
  6567 | D:8      | Slain by a meliai

Illustrated notes

Levels and vault maps discovered:
D:1:      minmay_arrival_open_corners, layout_basic,
          shapermc_ecumenical_altar_mp_vishouse, minmay_indecisive_spiral
D:2:      layout_basic, basic_altar, st_stairs_12
D:3:      layout_loops_corners, elyvilon_altar_4, old_standard_altar,
          gammafunk_ghost_split, uniq_jessica
D:4:      layout_rooms, overflow_temple_1_default, general_overflow_altar,
          kennysheep_generic_room_15, uniq_robin, uniq_blork_the_orc
D:5:      minmay_clustersquares, layout_rooms, nicolae_ru_sacrificial_ziggurat,
          lemuel_tele_altar, minmay_temple_entry_statues_pillars, serial_rivers,
          chequers_serial_rivers_small_b, chequers_serial_rivers_micro_c,
          chequers_serial_rivers_small_b, chequers_serial_rivers_micro_e,
          st_stairs_3, uniq_pikel
D:6:      layout_loops_ring, mainiacjoe_overflow_tiny_flanked,
          grunt_temple_overflow_diamond, grunt_gozag_breadcrumbs,
          minmay_lizard_king
D:7:      layout_loops_cross, serial_glass, glass_columns_b, glass_columns_c,
          nicolae_shop_dragon_depot, nicolae_shop_sticking_my_neck_out
D:8:      minmay_the_grid_square_5x5_3x3 [minmay_the_grid_square_5x5_one_wall,
          minmay_the_grid_square_5x5_seven, minmay_the_grid_square_5x5_mess,
          minmay_the_grid_square_5x5_hollow_slash,
          minmay_the_grid_square_5x5_megaprize_checkered,
          minmay_the_grid_square_5x5_percent,
          minmay_the_grid_square_5x5_checkered_sparse,
          minmay_the_grid_square_5x5_six_small, minmay_the_grid_square_5x5_n],
          layout_basic, erik_lair_orcish_takeover, uniq_grum
Temple:   hellmonk_temple_divided_pantheon

Skill      XL: |  1  2  3  4  5  6  7  8  9 10 |
---------------+-------------------------------+-----
Stealth        | 1 2 3 4 5 |  5.0
Polearms       | 1 2 3 4 6 8 9 10 | 10.0
Evocations     | 4 5 |  5.0
Dodging        | 3 5 |  5.0
Invocations    | 6 8 |  8.7
Hexes          | 1 |  1.4
Fighting       | |  1.0
Armour         | |  1.7

Action                     |  1- 3 |  4- 6 |  7- 9 | 10-12 || total
---------------------------+-------+-------+-------+-------++-------
  Melee: Spear             |   154 |   147 |       |       ||   301
         Dagger            |       |    54 |       |       ||    54
         Punch             |       |     3 |       |       ||     3
         Quarterstaff      |       |    11 |   266 |    67 ||   344
  Evoke: Wand              |     1 |       |       |       ||     1
    Use: Scroll            |       |       |     7 |       ||     7
         Potion            |       |       |       |     5 ||     5
 Armour: Ring mail         |    51 |    10 |       |       ||    61
         Plate armour      |       |   217 |   298 |   112 ||   627
         Skin              |       |       |       |    18 ||    18
  Dodge: Dodged            |    82 |    54 |    79 |    51 ||   266

Action                     |  1- 3 |  4- 6 |  7- 9 | 10-12 || total
---------------------------+-------+-------+-------+-------++-------
  Melee: Spear             |   154 |   147 |       |       ||   301
         Dagger            |       |    54 |       |       ||    54
         Punch             |       |     3 |       |       ||     3
         Quarterstaff      |       |    11 |   266 |    67 ||   344
  Evoke: Wand              |     1 |       |       |       ||     1
    Use: Scroll            |       |       |     7 |       ||     7
         Potion            |       |       |       |     5 ||     5
 Armour: Ring mail         |    51 |    10 |       |       ||    61
         Plate armour      |       |   217 |   298 |   112 ||   627
         Skin              |       |       |       |    18 ||    18
  Dodge: Dodged            |    82 |    54 |    79 |    51 ||   266

Levels and vault maps discovered:
D:1:      minmay_arrival_open_corners, layout_basic,
          shapermc_ecumenical_altar_mp_vishouse, minmay_indecisive_spiral
D:2:      layout_basic, basic_altar, st_stairs_12
D:3:      layout_loops_corners, elyvilon_altar_4, old_standard_altar,
          gammafunk_ghost_split, uniq_jessica
D:4:      layout_rooms, overflow_temple_1_default, general_overflow_altar,
          kennysheep_generic_room_15, uniq_robin, uniq_blork_the_orc
D:5:      minmay_clustersquares, layout_rooms, nicolae_ru_sacrificial_ziggurat,
          lemuel_tele_altar, minmay_temple_entry_statues_pillars, serial_rivers,
          chequers_serial_rivers_small_b, chequers_serial_rivers_micro_c,
          chequers_serial_rivers_small_b, chequers_serial_rivers_micro_e,
          st_stairs_3, uniq_pikel
D:6:      layout_loops_ring, mainiacjoe_overflow_tiny_flanked,
          grunt_temple_overflow_diamond, grunt_gozag_breadcrumbs,
          minmay_lizard_king
D:7:      layout_loops_cross, serial_glass, glass_columns_b, glass_columns_c,
          nicolae_shop_dragon_depot, nicolae_shop_sticking_my_neck_out
D:8:      minmay_the_grid_square_5x5_3x3 [minmay_the_grid_square_5x5_one_wall,
          minmay_the_grid_square_5x5_seven, minmay_the_grid_square_5x5_mess,
          minmay_the_grid_square_5x5_hollow_slash,
          minmay_the_grid_square_5x5_megaprize_checkered,
          minmay_the_grid_square_5x5_percent,
          minmay_the_grid_square_5x5_checkered_sparse,
          minmay_the_grid_square_5x5_six_small, minmay_the_grid_square_5x5_n],
          layout_basic, erik_lair_orcish_takeover, uniq_grum
Temple:   hellmonk_temple_divided_pantheon
